 Dungeon Crawl Stone Soup version 0.31-a0-145-g046c7d2549 (webtiles) character file.

Game seed: 17818382850306806916

47 IndexError the Magician (level 3, -9/25 HPs)
             Began as a Djinni Conjurer on June 7, 2023.
             Mangled by Crazy Yiuf
             ... wielding a +3 quarterstaff of chaos
              (10 damage)
             ... on level 2 of the Dungeon.
             The game lasted 00:03:02 (2467 turns).

IndexError the Magician (Djinni Conjurer)           Turns: 2467, Time: 00:03:03

Health: -9/25      AC:  3    Str:  6    XL:     3   Next: 97%
Gold:   80         EV: 12    Int: 21    God:
                   SH:  0    Dex: 11

rFire   + + .        m - +10 dagger of the Final Chapter {pain, Will+}
rCold   x . .        (no shield)
rNeg    . . .        a - +0 robe
rPois   ∞            (no helmet)
rElec   .            g - +0 cloak
rCorr   .            (no gloves)
SInv    .            (boots unavailable)
Will    +++..        (no amulet)
Stlth   ++           c - ring of willpower
HPRegen 0.24/turn    o - ring of willpower
MPRegen 0.00/turn

%: infuse magic (-10 HP)
@: flying
A: sickness immunity, fire resistance 2, cold vulnerability 1, float, innate
caster, HP casting, extra vitality 1
a: no special abilities


You were on level 2 of the Dungeon.
You visited 1 branch of the dungeon, and saw 3 of its levels.

You collected 80 gold pieces.

Inventory:

Hand Weapons
 m - the +10 dagger of the Final Chapter (weapon) {pain, Will+}
   (You found it on level 3 of the Dungeon)

   Will:      It increases your willpower.
Armour
 a - a +0 robe (worn)
 g - a +0 cloak (worn)
   (You found it on level 1 of the Dungeon)
Magical Staves
 l - a staff of death {rN+}
   (You found it on level 3 of the Dungeon)
Jewellery
 c - a ring of willpower (left hand)
   (You found it on level 1 of the Dungeon)
 o - a ring of willpower (right hand)
   (You found it on level 3 of the Dungeon)
Wands
 d - a wand of polymorph (10)
   (You found it on level 3 of the Dungeon)
Scrolls
 e - a scroll of noise {unknown}
 f - 2 scrolls of enchant weapon {unknown}
 j - a scroll of enchant armour {unknown}
 k - 2 scrolls of teleportation {unknown}
 n - a scroll of acquirement {unknown}
 p - a scroll of torment {unknown}
Potions
 b - 2 potions of degeneration {unknown}
 h - a potion of ambrosia {unknown}
 i - a potion of haste {unknown}
 q - a potion of curing {unknown}
 r - a potion of resistance {unknown}


   Skills:
 - Level 2.1 Dodging
 - Level 1.5 Stealth
 + Level 4.2 Spellcasting
 + Level 4.2 Conjurations
 + Level 4.2 Hexes
   Level 0.0 Charms
 + Level 4.2 Summonings
 + Level 4.2 Necromancy
 + Level 4.2 Translocations
 + Level 4.2 Transmutations
 + Level 4.2 Fire Magic
 + Level 4.2 Ice Magic
 + Level 4.2 Air Magic
 + Level 4.2 Earth Magic
 + Level 4.2 Poison Magic


You knew the following spells:

 Your Spells              Type           Power      Damage    Failure   Level
a - Magic Dart            Conj           88%        1d7       1%          1
b - Searing Ray           Conj           44%        2d6       3%          2
c - Dazzling Flash        Conj/Hex       44%        N/A       6%          3
d - Fulminant Prism       Conj/Hex       11%        3d9       21%         4
e - Summon Small Mammal   Summ           88%        N/A       1%          1
x - Iskenderun's Mystic   Conj/Tloc      22%        2d6       21%         4
Your spell library was empty.

Dungeon Overview and Level Annotations

Branches:
Dungeon (3/15)

Altars:

Shops:
D:1 ?

Annotations:
D:2 Crazy Yiuf, Natasha, Sigmund


Innate Abilities, Weirdness & Mutations

You are immune to sickness and miasma.
You are immune to poison.
Your flesh is very heat resistant. (rF++)
You are vulnerable to cold. (rC-)
You float through the air rather than walking.
You learn spells naturally, not from books.
Your magical power is your life essence.
You have superior vitality. (+4 MHP)


Message History

A hobgoblin is nearby!
The magic dart hits the hobgoblin but does no damage.
The hobgoblin shouts!
You take 1 damage, and have 24/25 hp.
The magic dart hits the hobgoblin.
The magic dart hits the hobgoblin.
You take 1 damage, and have 23/25 hp.
The magic dart hits the hobgoblin.
You take 1 damage, and have 22/25 hp.
You see here a hobgoblin corpse.
A kobold comes into view. It is wielding a +0 club.
The kobold shouts!
Health restored: 25 A kobold is nearby!
A kobold is nearby!
The magic dart hits the kobold.
You can't see any susceptible monsters within range! (Use Z to cast anyway.)
You can't see any susceptible monsters within range! (Use Z to cast anyway.)
Things that are here:
a +0 club; a kobold corpse You now have 80 gold pieces (gained 9).
You see here a quokka corpse.
There is a stone staircase leading up here.
Things that are here:
a +0 club; 4 stones You see here a +0 war axe.
You see here a +0 ring mail.
There is a stone staircase leading down here.
Done exploring.
Done exploring.
Done exploring.
You can't see any susceptible monsters within range! (Use Z to cast anyway.)
There is a stone staircase leading up here.
You fly upwards.
Level annotation: Natasha, Sigmund
There is a stone staircase leading down here.
You fly downwards.
There is a stone staircase leading up here.
There is an open door here.
There is a stone staircase leading up here.
You fly upwards.
Level annotation: Natasha, Sigmund
There is a stone staircase leading down here.
An orc comes into view. It is wielding a +0 short sword.
An orc is nearby!
The magic dart hits the orc.
You take 1 damage, and have 24/25 hp.
The magic dart hits the orc.
You take 1 damage, and have 23/25 hp.
The magic dart hits the orc.
You take 1 damage, and have 22/25 hp.
HP restored.
You see here a +0 short sword.
A goblin comes into view. It is wielding a +0 dagger.
The goblin shouts!
Health restored: 25 A goblin is nearby!
A goblin is nearby!
The magic dart hits the goblin.
The magic dart hits the goblin.
You take 1 damage, and have 24/25 hp.
You can't see any susceptible monsters within range! (Use Z to cast anyway.)
Things that are here:
a +0 dagger; a +0 sling; 4 boomerangs
Found a runed translucent door.
Health restored: 25 Crazy Yiuf shouts!
Crazy Yiuf grits, "Defame!
Cake koolooloo dark."
r - an orange potion
There is a stone staircase leading down here.
You see here a +0 short sword.
You see here a +0 short sword.
There is an open door here.
Crazy Yiuf shouts!
Could not explore, unopened runed door.
You reach down and open the door.
Casting: Magic Dart (safe; 1% risk of failure)
Confirm with . or Enter, or press ? or * to list all spells.
Aiming: Searing Ray (safe; 3% risk of failure)
Press: ? - help, Shift-Dir - straight line, f - Crazy Yiuf
Aim: Crazy Yiuf, wielding a +3 quarterstaff of chaos and wearing a +2 cloak of stealth (81% to hit)
The searing ray hits Crazy Yiuf. (Press . to maintain the ray.)
You take 2 damage, and have 23/25 hp.
The searing ray misses Crazy Yiuf.
Crazy Yiuf yells, "Mountain pizzabubble spinner!"
Crazy Yiuf closely misses you.
You take 1 damage, and have 22/25 hp.
The searing ray hits Crazy Yiuf.
Crazy Yiuf completely misses you.
You take 1 damage, and have 21/25 hp.
The searing ray hits Crazy Yiuf.
You finish channelling your searing ray.
Crazy Yiuf hits you with a +3 quarterstaff of chaos!
Crazy Yiuf freezes you!
* * * LOW HITPOINT WARNING * * *
You take 20 damage, and have 1/25 hp.
MASSIVE DAMAGE!!
You hit Crazy Yiuf.
Crazy Yiuf writhes in agony.
Crazy Yiuf closely misses you.
You hit Crazy Yiuf.
Crazy Yiuf writhes in agony.
Crazy Yiuf hits you with a +3 quarterstaff of chaos!
You die...

.......... ###..##
#.....# ####......
#....# ####.##
....... ♣....♣ #.#
#.......# ♣♣...♣
#.# ###.@h....#
♣♣.♣♣ #.#
.......### ♣♣.♣ #)#
.......#### ♣.♣♣
#.# ..........#
♣♣.♣ #.#
.......##.# ♣@♣♣
#.# ......##.# #g#
#.# ......##.## ...
#.# ### #.?...#
#...# #.# #.....#
#)..# ###.# #.....#
##### ##...#
#.....# #..###
#.....# ##.##
#.....##########.##


You could see Crazy Yiuf.

Vanquished Creatures
  An orc (D:2)
  3 endoplasms
  2 giant cockroaches
  3 goblins
  7 hobgoblins
  5 quokkas
  3 ball pythons (D:1)
  6 bats
  2 frilled lizards (D:3)
  3 kobolds
  7 rats
42 creatures vanquished.

Notes
Turn   | Place    | Note
-------+----------+-------------------------------------------
     0 | D:1      | IndexError the Djinni Conjurer began the quest for the Orb.
     0 | D:1      | IndexError set off with the following spells memorised:
                  | Magic Dart, Searing Ray, Dazzling Flash, Fulminant Prism,
                  | Iskenderun's Mystic Blast.
     0 | D:1      | Reached XP level 1. HP: 15/15 MP: 0/0
   294 | D:1      | Reached XP level 2. HP: 17/21 MP: 0/0
   767 | D:1      | Found Siasmuu's Magic Scroll Boutique.
   914 | D:2      | Reached XP level 3. HP: 23/25 MP: 0/0
   914 | D:2      | Learned a level 1 spell: Summon Small Mammal
   963 | D:2      | Reached skill level 4 in Spellcasting
   963 | D:2      | Reached skill level 4 in Conjurations
   963 | D:2      | Reached skill level 4 in Hexes
   963 | D:2      | Reached skill level 4 in Summonings
   963 | D:2      | Reached skill level 4 in Necromancy
   963 | D:2      | Reached skill level 4 in Translocations
   963 | D:2      | Reached skill level 4 in Transmutations
   963 | D:2      | Reached skill level 4 in Fire Magic
   963 | D:2      | Reached skill level 4 in Ice Magic
   963 | D:2      | Reached skill level 4 in Air Magic
   963 | D:2      | Reached skill level 4 in Earth Magic
   963 | D:2      | Reached skill level 4 in Poison Magic
  1021 | D:2      | Noticed Natasha
  1021 | D:2      | Noticed Sigmund
  1137 | D:2      | You are sucked into a shaft and drop 1 floor!
  1199 | D:3      | Identified the +10 dagger of the Final Chapter {pain,
                  | Will+}
  2172 | D:2      | Found a runed translucent door.
  2173 | D:2      | Noticed Crazy Yiuf
  2465 | D:2      | HP: 1/25 [Crazy Yiuf/+3 quarterstaff of chaos (9)]
  2467 | D:2      | Mangled by Crazy Yiuf

Illustrated notes

Levels and vault maps discovered:
D:1:      dpeg_arrival_rhombi, layout_loops_cross, serial_shops,
          nicolae_shop_back_alley_shop, hangedman_decor_growths, minivault_26,
          serial_bayou_ford_a
D:2:      layout_basic, corexii_leaking_fountain, uniq_natasha,
          uniq_crazy_yiuf_cottage, uniq_sigmund
D:3:      layout_basic

Skill      XL: |  1  2  3 |
---------------+----------+-----
Spellcasting   | 4 |  4.2
Conjurations   | 4 |  4.2
Hexes          | 4 |  4.2
Summonings     | 4 |  4.2
Necromancy     | 4 |  4.2
Translocations | 4 |  4.2
Transmutations | 4 |  4.2
Fire Magic     | 4 |  4.2
Ice Magic      | 4 |  4.2
Air Magic      | 4 |  4.2
Earth Magic    | 4 |  4.2
Poison Magic   | 4 |  4.2
Dodging        | |  2.1
Stealth        | |  1.5

Action                     || total
---------------------------++-------
  Melee: Dagger            ||     6
   Cast: Magic Dart        ||    76
         Searing Ray       ||     1
   Stab: Sleeping          ||     3
 Armour: Robe              ||     2
  Dodge: Dodged            ||     5

Table legend: (Time is in decaauts)
 A = Elapsed time spent in this place.
 B = Non-inter-level travel time spent in this place.
 C = Inter-level travel time spent in this place.
 D = Time resting spent in this place.
 E = Time spent auto-exploring this place.
 F = Levels seen in this place.
 G = Mean time per level.
                   A        B        C        D        E       F      G
               +--------+--------+--------+--------+--------+-----+--------+
         Total |   2464 |   2317 |    147 |      0 |   2109 |   3 |  821.3 |
       Dungeon |   2464 |   2317 |    147 |      0 |   2109 |   3 |  821.3 |
               +--------+--------+--------+--------+--------+-----+--------+

Top non-repeatable levels by time:
     D:3: 966 daAuts
     D:1: 879 daAuts
     D:2: 619 daAuts

Levels and vault maps discovered:
D:1:      dpeg_arrival_rhombi, layout_loops_cross, serial_shops,
          nicolae_shop_back_alley_shop, hangedman_decor_growths, minivault_26,
          serial_bayou_ford_a
D:2:      layout_basic, corexii_leaking_fountain, uniq_natasha,
          uniq_crazy_yiuf_cottage, uniq_sigmund
D:3:      layout_basic

Table legend: (Time is in decaauts)
 A = Elapsed time spent in this place.
 B = Non-inter-level travel time spent in this place.
 C = Inter-level travel time spent in this place.
 D = Time resting spent in this place.
 E = Time spent auto-exploring this place.
 F = Levels seen in this place.
 G = Mean time per level.
                   A        B        C        D        E       F      G
               +--------+--------+--------+--------+--------+-----+--------+
         Total |   2464 |   2317 |    147 |      0 |   2109 |   3 |  821.3 |
       Dungeon |   2464 |   2317 |    147 |      0 |   2109 |   3 |  821.3 |
               +--------+--------+--------+--------+--------+-----+--------+

Top non-repeatable levels by time:
     D:3: 966 daAuts
     D:1: 879 daAuts
     D:2: 619 daAuts

Table legend:
 A = Kills in this place as a percentage of kills in the entire game.
 B = Kills by you in this place as a percentage of kills by you in the entire game.
 C = Kills by friends in this place as a percentage of kills by friends in the entire game.
 D = Other kills in this place as a percentage of other kills in the entire game.
 E = Experience gained in this place as a percentage of experience gained in the entire game.
 F = Experience gained in this place divided by the number of levels of this place that you have seen.
                   A       B       C       D       E      F
               +-------+-------+-------+-------+-------+----------------------
         Total | 100.0 | 100.0 |   N/A |   N/A | 100.0 |  22.7
       Dungeon | 100.0 | 100.0 |   N/A |   N/A | 100.0 |  22.7
               +-------+-------+-------+-------+-------+----------------------
